 Dungeon Crawl Stone Soup version 0.18-a0-1726-g399342b (console) character file.

37 sorlin the Sneak (level 3, 0/16 HPs)
             Began as a Vine Stalker Enchanter on Apr 5, 2016.
             Slain by a giant newt (1 damage)
             ... on level 1 of the Dungeon.
             The game lasted 00:02:56 (855 turns).

sorlin the Sneak (Vine Stalker Enchanter)            Turns: 855, Time: 00:02:56

Health: 0/16       AC:  4    Str: 10    XL:     3   Next: 41%
Magic:  0/7        EV: 12    Int: 15    God:
Gold:   65         SH:  0    Dex: 15    Spells: 2 memorised, 3 levels left

rFire  . . .     SeeInvis .     a - +1 dagger
rCold  . . .     Gourm    .     b - +2 robe
rNeg   . . .     Faith    .     (no shield)
rPois  .         Spirit   +     (no helmet)
rElec  .         Dismiss  .     (no cloak)
rCorr  .         Reflect  .     (no gloves)
SustAt .         Harm     .     (no boots)
MR     .....                    (no amulet)
Stlth  ++........               (no ring)
                                e - ring of loudness (curse)

@: very slightly contaminated, not resistant to hostile enchantments, unstealthy
A: fangs 2, regeneration 1, magic shield, antimagic bite, no device heal 3, rot
immunity
a: no special abilities


You were on level 1 of the Dungeon.
You were not hungry.

You visited 1 branch of the dungeon, and saw 2 of its levels.

You collected 65 gold pieces.


Innate Abilities, Weirdness & Mutations

You have extremely sharp teeth.
Your natural rate of healing is unusually fast.
When hurt, damage is shared between your health and your magic reserves.
Your bite disrupts and absorbs the magic of your enemies.
Potions and wands cannot restore your health.
You are immune to rotting.


   Skills:
 - Level 0.8 Short Blades
 - Level 1.5 Dodging
 + Level 5.5 Stealth
 - Level 2.1 Spellcasting
 - Level 3.0 Hexes


You had 3 spell levels left.
You knew the following spells:

 Your Spells              Type           Power        Failure   Level  Hunger
a - Ensorcelled Hibernat  Hex/Ice        #.....       17%         2    ###....
s - Corona                Hex            ##.....      8%          1    #......

Inventory:

Hand Weapons
 a - a +1 dagger (weapon)
Missiles
 g - 5 poisoned needles
Armour
 b - a +2 robe (worn)
Jewellery
 e - a cursed ring of loudness (left hand)
Books
 c - a book of Maledictions

   Spells                             Type                      Level
   a - Corona                         Hexes                        1
   b - Ensorcelled Hibernation        Hexes/Ice                    2
   c - Confuse                        Hexes                        3
   d - Tukima's Dance                 Hexes                        3
   e - Dazzling Spray                 Conjuration/Hexes            3
Comestibles
 d - 2 bread rations {!e}
 f - a meat ration {!e}
 h - 2 chunks of flesh


Message History

You bite the hobgoblin, but do no damage.
The hobgoblin is moderately wounded.
The giant newt misses you. The hobgoblin closely misses you.
You barely miss the hobgoblin.
The hobgoblin is moderately wounded.
The giant newt bites you.
The hobgoblin hits you but does no damage.
You barely miss the hobgoblin.
The hobgoblin is moderately wounded.
The giant newt bites you. The hobgoblin closely misses you.
You hit the hobgoblin but do no damage.
You bite the hobgoblin, but do no damage.
The hobgoblin is moderately wounded.
The giant newt hisses menacingly.
The giant newt bites you.
* * * LOW HITPOINT WARNING * * *
The hobgoblin hits you but does no damage.
You take 1 damage.
You hit the hobgoblin.
The hobgoblin is severely wounded.
The giant newt closely misses you. The hobgoblin hits you with a club.
* * * LOW HITPOINT WARNING * * *
You take 3 damage.
You hit the hobgoblin but do no damage.
You bite the hobgoblin, but do no damage.
The hobgoblin is severely wounded.
The giant newt bites you but does no damage.
You barely miss the hobgoblin. You bite the hobgoblin. You drain its power.
You feel invigorated.
The hobgoblin is almost dead.
The hobgoblin hits you with a club.
* * * LOW HITPOINT WARNING * * *
The giant newt bites you but does no damage.
You take 1 damage.
You barely miss the hobgoblin.
The hobgoblin is almost dead.
The hobgoblin hits you with a club.
* * * LOW HITPOINT WARNING * * *
The giant newt bites you but does no damage.
You take 3 damage.
Drink which item? (? for menu, Esc to quit)
Okay, then.
Read which item? (? for menu, Esc to quit)
Okay, then.
Drink which item? (? for menu, Esc to quit)
It was a potion of curing.
That felt strangely inert.
The hobgoblin barely misses you. The giant newt bites you.
You hit the hobgoblin.
You kill the hobgoblin!
The giant newt bites you.
You die...

###########
####.........#####
#@ll..............
#)##..#####...####
#.##..#...#.....#
#.....#...#.....##
#....#....####...#
###...⌠.##+#..⌠#....
#....#.........#....
##.#####.).....##.##.
#..#...#.......#.....
#......+..._...+...'.
#..#...#.......#...#.


You could see a giant gecko and a giant newt.

Vanquished Creatures
  A gnoll (D:1)
  2 dart slugs (D:1)
  A giant gecko (D:1)
  6 hobgoblins (D:1)
  3 jackals (D:1)
  A ball python (D:1)
  2 bats (D:1)
  2 goblins (D:1)
  3 kobolds (D:1)
21 creatures vanquished.

Vanquished Creatures (others)
  A kobold (D:1)
1 creature vanquished.

Grand Total: 22 creatures vanquished

Notes
Turn   | Place    | Note
--------------------------------------------------------------
     0 | D:1      | sorlin the Vine Stalker Enchanter began the quest for the Orb.
     0 | D:1      | Reached XP level 1. HP: 9/9 MP: 4/4
   149 | D:1      | Reached skill level 4 in Stealth
   156 | D:1      | Reached XP level 2. HP: 10/13 MP: 4/6
   170 | D:1      | Learned a level 2 spell: Ensorcelled Hibernation
   352 | D:1      | Found a shattered altar of Ashenzari.
   361 | D:1      | Reached skill level 5 in Stealth
   391 | D:1      | Reached XP level 3. HP: 16/16 MP: 7/7
   852 | D:1      | HP: 4/16 [hobgoblin/club (2)]
   853 | D:1      | HP: 1/16 [hobgoblin/club (3)]
   855 | D:1      | Slain by a giant newt

Vault maps used:
D:1:      saegor_arrival_miasma, evilmike_ruin_ashenzari
D:2:      uniq_crazy_yiuf_cottage, uniq_jessica

Action                   || total
-------------------------++-------
Melee: Dagger            ||    77
 Cast: Corona            ||     3
       Ensorcelled Hiber ||    10
  Use: Scroll            ||     2
       Potion            ||     1
 Stab: Sleeping          ||     9
  Eat: Royal jelly       ||     1
